SA
WALLA WALLA WALLEYE @ GRIM REAPERS
08/30/2027
 
TOP OF THE 1ST
Walla Walla Walleye batting - Pitching for Grim Reapers : LHP Francisco Burgos
Pitching: LHP Francisco Burgos
Batting: LHB Arnau Zabajeta 0-0: Ball
1-0: Ball
2-0: Fly out, F7 (Flyball, 78M)
Batting: RHB Nelson Jaramillo 0-0: Fly out, F7 (Flyball, 78D)
Batting: RHB Taylor Landis 0-0: Called Strike
0-1: Ground out 6-3 (Groundball, 6)
Top of the 1st over - 0 run(s), 0 hit(s), 0 error(s), 0 left on base; Walla Walla 0 - Grim 0
BOTTOM OF THE 1ST
Grim Reapers batting - Pitching for Walla Walla Walleye : LHP Won-min Yi
Pitching: LHP Won-min Yi
Batting: RHB Tomás Duarte 0-0: Called Strike
0-1: Ground out 5-3 (Groundball, 56)
Batting: RHB Colt Cabana 0-0: DOUBLE (Line Drive, 78D)
Batting: LHB Dante Aristizabal 0-0: Ball
1-0: Ground out U3 (Groundball, 34)
Colt Cabana to third
Batting: RHB Bernardo Rodríguez 0-0: Called Strike
0-1: Called Strike
0-2: SINGLE (Groundball, 56D)
Colt Cabana scores
Batting: RHB Jeb Sexton 0-0: Ball
1-0: Fielders Choice at 2nd, 6-4 (Groundball, 6)
Bottom of the 1st over - 1 run(s), 2 hit(s), 0 error(s), 0 left on base; Walla Walla 0 - Grim 1
TOP OF THE 2ND
Walla Walla Walleye batting - Pitching for Grim Reapers : LHP Francisco Burgos
Batting: RHB José Mercado 0-0: Called Strike
0-1: Fly out, F4 (Line Drive, 34D)
Batting: LHB Gareth Monahan 0-0: Fly out, F4 (Line Drive, 4)
Batting: RHB Shuichi Saito 0-0: Foul Ball, location: 2F
0-1: Swinging Strike
0-2: Strikes out swinging
Top of the 2nd over - 0 run(s), 0 hit(s), 0 error(s), 0 left on base; Walla Walla 0 - Grim 1
BOTTOM OF THE 2ND
Grim Reapers batting - Pitching for Walla Walla Walleye : LHP Won-min Yi
Batting: SHB Cash Masters 0-0: Ground out 5-3 (Groundball, 56S)
Batting: RHB Luis Pagán 0-0: Ball
1-0: Ground out 6-3 (Groundball, 6M)
Batting: RHB Héctor Flores 0-0: Ball
1-0: Foul Ball, location: 2F
1-1: Fly out, F6 (Flyball, 6D)
Bottom of the 2nd over - 0 run(s), 0 hit(s), 0 error(s), 0 left on base; Walla Walla 0 - Grim 1
TOP OF THE 3RD
Walla Walla Walleye batting - Pitching for Grim Reapers : LHP Francisco Burgos
Batting: RHB Rex Criscuolo 0-0: Swinging Strike
0-1: Ball
1-1: Swinging Strike
1-2: Ball
2-2: Strikes out swinging
Batting: RHB Leonardo Medina 0-0: Ball
1-0: Swinging Strike
1-1: Swinging Strike
1-2: Strikes out swinging
Batting: RHB Cody Jaeckel 0-0: Foul Ball, location: 2F
0-1: Ground out 6-3 (Groundball, 6)
Top of the 3rd over - 0 run(s), 0 hit(s), 0 error(s), 0 left on base; Walla Walla 0 - Grim 1
BOTTOM OF THE 3RD
Grim Reapers batting - Pitching for Walla Walla Walleye : LHP Won-min Yi
Batting: SHB Javier Vázquez 0-0: Called Strike
0-1: Fly out, F7 (Flyball, 7LSF)
Batting: RHB Tomás Duarte 0-0: Called Strike
0-1: Foul Ball, location: 2F
0-2: Strikes out looking
Batting: RHB Colt Cabana 0-0: Called Strike
0-1: Swinging Strike
0-2: Ball
1-2: Ground out 6-3 (Groundball, 6)
Bottom of the 3rd over - 0 run(s), 0 hit(s), 0 error(s), 0 left on base; Walla Walla 0 - Grim 1
TOP OF THE 4TH
Walla Walla Walleye batting - Pitching for Grim Reapers : LHP Francisco Burgos
Batting: LHB Arnau Zabajeta 0-0: Ball
1-0: Ball
2-0: Foul Ball, location: 2F
2-1: Foul Ball, location: 2F
2-2: Ball
3-2: Foul Ball, location: 2F
3-2: Foul Ball, location: 2F
3-2: Foul Ball, location: 2F
3-2: Strikes out swinging
Batting: RHB Nelson Jaramillo 0-0: Swinging Strike
0-1: Ball
1-1: Called Strike
1-2: Ball
2-2: Strikes out looking
Batting: RHB Taylor Landis 0-0: SINGLE (Line Drive, 78S)
Batting: RHB José Mercado 0-0: Ball
1-0: Called Strike
1-1: Foul Ball, location: 2F
1-2: Ball
2-2: SINGLE (Line Drive, 8LS)
Taylor Landis to second
Batting: LHB Gareth Monahan 0-0: Called Strike
0-1: Ball
1-1: Fly out, F8 (Flyball, 8RM)
Top of the 4th over - 0 run(s), 2 hit(s), 0 error(s), 2 left on base; Walla Walla 0 - Grim 1
BOTTOM OF THE 4TH
Grim Reapers batting - Pitching for Walla Walla Walleye : LHP Won-min Yi
Batting: LHB Dante Aristizabal 0-0: Called Strike
0-1: Called Strike
0-2: Ball
1-2: Strikes out looking
Batting: RHB Bernardo Rodríguez 0-0: Swinging Strike
0-1: Ball
1-1: Swinging Strike
1-2: Ball
2-2: Strikes out swinging
Batting: RHB Jeb Sexton 0-0: Ball
1-0: Called Strike
1-1: Ball
2-1: Foul Ball, location: 2F
2-2: Foul Ball, location: 2F
2-2: Ball
3-2: Foul Ball, location: 2F
3-2: Fly out, F9 (Flyball, 89M)
Bottom of the 4th over - 0 run(s), 0 hit(s), 0 error(s), 0 left on base; Walla Walla 0 - Grim 1
TOP OF THE 5TH
Walla Walla Walleye batting - Pitching for Grim Reapers : LHP Francisco Burgos
Batting: RHB Shuichi Saito 0-0: Ball
1-0: Foul Ball, location: 2F
1-1: Called Strike
1-2: Ball
2-2: Ball
3-2: Strikes out swinging
Batting: RHB Rex Criscuolo 0-0: Ball
1-0: Bunt for hit - play at first, batter safe!
Batting: RHB Leonardo Medina 0-0: Grounds into double play, 6-4-3 (Groundball, 6)
Top of the 5th over - 0 run(s), 1 hit(s), 0 error(s), 0 left on base; Walla Walla 0 - Grim 1
BOTTOM OF THE 5TH
Grim Reapers batting - Pitching for Walla Walla Walleye : LHP Won-min Yi
Batting: SHB Cash Masters 0-0: Ball
1-0: Foul Ball, location: 2F
1-1: Foul Ball, location: 2F
1-2: Foul Ball, location: 2F
1-2: Foul Ball, location: 2F
1-2: Strikes out swinging
Batting: RHB Luis Pagán 0-0: Called Strike
0-1: Ball
1-1: Foul Ball, location: 2F
1-2: Ball
2-2: Foul Ball, location: 2F
2-2: Foul Ball, location: 2F
2-2: Strikes out looking
Batting: RHB Héctor Flores 0-0: Ball
1-0: Ball
2-0: Swinging Strike
2-1: SINGLE (Groundball, 6D)
Batting: SHB Javier Vázquez 0-0: Foul Ball, location: 2F
0-1: Called Strike
0-2: Foul Ball, location: 2F
0-2: Ball
1-2: Fly out, F6 (Popup, 6MS)
Bottom of the 5th over - 0 run(s), 1 hit(s), 0 error(s), 1 left on base; Walla Walla 0 - Grim 1
TOP OF THE 6TH
Walla Walla Walleye batting - Pitching for Grim Reapers : LHP Francisco Burgos
Batting: RHB Cody Jaeckel 0-0: Called Strike
0-1: Swinging Strike
0-2: Foul Ball, location: 2F
0-2: Ball
1-2: Ball
2-2: Strikes out swinging
Batting: LHB Arnau Zabajeta 0-0: Ball
1-0: Called Strike
1-1: Called Strike
1-2: Fly out, F7 (Flyball, 78M)
Batting: RHB Nelson Jaramillo 0-0: Called Strike
0-1: Swinging Strike
0-2: Ball
1-2: Strikes out swinging
Top of the 6th over - 0 run(s), 0 hit(s), 0 error(s), 0 left on base; Walla Walla 0 - Grim 1
BOTTOM OF THE 6TH
Grim Reapers batting - Pitching for Walla Walla Walleye : LHP Won-min Yi
Batting: RHB Tomás Duarte 0-0: Ball
1-0: Called Strike
1-1: Swinging Strike
1-2: Strikes out swinging
Batting: RHB Colt Cabana 0-0: Called Strike
0-1: Foul Ball, location: 2F
0-2: Strikes out looking
Batting: LHB Dante Aristizabal 0-0: Called Strike
0-1: Foul Ball, location: 2F
0-2: Ball
1-2: Ball
2-2: Ball
3-2: Foul Ball, location: 2F
3-2: SINGLE (Groundball, 4MD)
Batting: RHB Bernardo Rodríguez 0-0: Foul Ball, location: 2F
0-1: Fielders Choice at 2nd, 6-4 (Groundball, 6)
Bottom of the 6th over - 0 run(s), 1 hit(s), 0 error(s), 0 left on base; Walla Walla 0 - Grim 1
TOP OF THE 7TH
Walla Walla Walleye batting - Pitching for Grim Reapers : LHP Francisco Burgos
Batting: RHB Taylor Landis 0-0: Swinging Strike
0-1: Ball
1-1: DOUBLE (Line Drive, 9LS)
Batting: RHB José Mercado 0-0: Fly out, F9 (Flyball, 9)
Pinch Hitting: LHB Rim Hong-Do 0-0: Ball
1-0: Ball
2-0: Swinging Strike
2-1: Ball
3-1: Base on Balls
Batting: RHB Shuichi Saito 0-0: Ball
1-0: Called Strike
1-1: Foul Ball, location: 2F
1-2: Ball
2-2: Ball
3-2: Strikes out swinging
Pinch Hitting: SHB António Zúñiga 0-0: Foul Ball, location: 2F
0-1: Foul Ball, location: 2F
0-2: Foul Ball, location: 2F
0-2: Ball
1-2: Ball
2-2: Strikes out swinging
Top of the 7th over - 0 run(s), 1 hit(s), 0 error(s), 2 left on base; Walla Walla 0 - Grim 1
BOTTOM OF THE 7TH
Grim Reapers batting - Pitching for Walla Walla Walleye : LHP Won-min Yi
Now at 1B: Rim Hong-Do
Now in RF: Armaan Ebrahim
Batting: RHB Jeb Sexton 0-0: Foul Ball, location: 2F
0-1: Foul Ball, location: 2F
0-2: Fly out, F4 (Popup, 3D)
Batting: SHB Cash Masters 0-0: Ball
1-0: Swinging Strike
1-1: Ball
2-1: Foul Ball, location: 2F
2-2: SINGLE (Line Drive, 34D)
Pinch Hitting: RHB Carlos Evangelho 0-0: Ball
1-0: Ball
2-0: Grounds into double play, 5-4-3 (Groundball, 6)
Bottom of the 7th over - 0 run(s), 1 hit(s), 0 error(s), 0 left on base; Walla Walla 0 - Grim 1
TOP OF THE 8TH
Walla Walla Walleye batting - Pitching for Grim Reapers : LHP Francisco Burgos
Now at C: Bayanai Gonzalez
Now at 1B: Carlos Evangelho
Batting: RHB Leonardo Medina 0-0: Called Strike
0-1: Ball
1-1: Ball
2-1: Foul Ball, location: 2F
2-2: Strikes out swinging
Batting: RHB Cody Jaeckel 0-0: Ball
1-0: Ground out 1-3 (Groundball, P)
Batting: LHB Arnau Zabajeta 0-0: Called Strike
0-1: Ball
1-1: Ball
2-1: Called Strike
2-2: Strikes out swinging
Top of the 8th over - 0 run(s), 0 hit(s), 0 error(s), 0 left on base; Walla Walla 0 - Grim 1
BOTTOM OF THE 8TH
Grim Reapers batting - Pitching for Walla Walla Walleye : LHP Won-min Yi
Batting: RHB Héctor Flores 0-0: Foul Ball, location: 2F
0-1: Ground out 5-3 (Groundball, 56S)
Batting: SHB Javier Vázquez 0-0: Called Strike
0-1: Ball
1-1: Ball
2-1: Foul Ball, location: 2F
2-2: SINGLE (Line Drive, 4D)
Batting: RHB Tomás Duarte 0-0: Ball
1-0: Ball
2-0: Called Strike
2-1: Ball
3-1: Called Strike
3-2: Strikes out swinging
Pitching: LHP Homer Robertson
Batting: RHB Colt Cabana 0-0: Ball
1-0: Called Strike
1-1: Ball
2-1: SINGLE (Groundball, 15S) (infield hit)
Javier Vázquez to second
Batting: LHB Dante Aristizabal 0-0: Swinging Strike
0-1: Swinging Strike
0-2: Foul Ball, location: 2F
0-2: Ball
1-2: Strikes out swinging
Bottom of the 8th over - 0 run(s), 2 hit(s), 0 error(s), 2 left on base; Walla Walla 0 - Grim 1
TOP OF THE 9TH
Walla Walla Walleye batting - Pitching for Grim Reapers : LHP Francisco Burgos
Pitching: RHP Briggs Bourgeois
Batting: RHB Nelson Jaramillo 0-0: Ball
1-0: Ball
2-0: Called Strike
2-1: Hit by Pitch
Batting: RHB Taylor Landis 0-0: Ball
1-0: Ball
2-0: Called Strike
2-1: Swinging Strike
2-2: Fly out, F9 (Flyball, 9S)
Batting: RHB José Mercado 0-0: Ball
1-0: Ball
2-0: Foul Ball, location: 2F
2-1: Ball
3-1: Foul Ball, location: 2F
3-2: Foul Ball, location: 2F
3-2: Base on Balls
Nelson Jaramillo to second
Batting: LHB Rim Hong-Do 0-0: Called Strike
0-1: Ball
1-1: Ball
2-1: Ball
3-1: Fielders Choice at 2nd, 1-6 (Groundball, 13)
Nelson Jaramillo to third
Pinch Hitting: SHB Chavo Guerrero, Jr. 0-0: Foul Ball, location: 2F
0-1: Called Strike
0-2: Strikes out swinging
Top of the 9th over - 0 run(s), 0 hit(s), 0 error(s), 2 left on base; Walla Walla 0 - Grim 1
Saturday, May 26th, 2018 - OOTP Baseball 17.12 Build 75